 Dungeon Crawl Stone Soup version 0.27.1-2-g3b301248ec (webtiles) character file.

Game seed: 7302992390281066950

42 CuBeRJAN3 the Magician (level 3, -10/20 HPs)
             Began as a Deep Elf Fire Elementalist on Oct 5, 2021.
             Mangled by Sigmund (12 damage)
             ... on level 2 of the Dungeon.
             The game lasted 00:06:32 (2302 turns).

CuBeRJAN3 the Magician (Deep Elf Fire Elementalist) Turns: 2302, Time: 00:06:33

Health: -10/20     AC:  2    Str:  5    XL:     3   Next: 35%
Magic:  9/10       EV: 12    Int: 20    God:
Gold:   69         SH:  0    Dex: 15    Spells: 1/10 levels left

rFire    . . .     SeeInvis .   e - +0 short sword
rCold    . . .     Faith    .   (no shield)
rNeg     . . .     Spirit   .   a - +0 robe
rPois    .         Reflect  .   (no helmet)
rElec    .         Harm     .   (no cloak)
rCorr    .         Rampage  .   (no gloves)
Will     .....                  (no boots)
Stlth    ++........             (no amulet)
HPRegen  0.06/turn              (no ring)
MPRegen  0.12/turn              (no ring)

@: no status effects
A: no striking features
a: no special abilities


You were on level 2 of the Dungeon.
You visited 1 branch of the dungeon, and saw 2 of its levels.

You collected 69 gold pieces.

Inventory:

Hand Weapons
 e - a +0 short sword (weapon)
Armour
 a - a +0 robe (worn)
Scrolls
 b - a scroll of enchant weapon {unknown}
 c - a scroll of amnesia {unknown}
Potions
 d - a potion of curing {unknown}
 f - a potion of berserk rage {unknown}
 g - 2 potions of flight {unknown}


   Skills:
 + Level 0.7 Fighting
 - Level 2.4 Dodging
 + Level 2.9 Stealth
 * Level 4.0 Spellcasting
 + Level 1.6 Conjurations
 + Level 0.0 Translocations
 + Level 3.5 Fire Magic


You had one spell level left.
You knew the following spells:

 Your Spells              Type           Power      Damage    Failure   Level
a - Foxfire               Conj/Fire      56%        2x1d6     4%          1
b - Conjure Flame         Conj/Fire      14%        6-21      13%         3
c - Inner Flame           Hex/Fire       11%        N/A       19%         3
d - Blink                 Tloc           N/A        N/A       19%         2

Your spell library contained the following spells:

 Spells                   Type           Power      Damage    Failure   Level
 Ignite Poison            Fire/Tmut/Pois 8%         N/A       24%         3
 Lesser Beckoning         Tloc           2%         N/A       36%         3
 Sticky Flame             Conj/Fire      14%        2d4       41%         4
 Fireball                 Conj/Fire      7%         3d5       77%         5
 Manifold Assault         Tloc           4%         N/A       98%         5


Dungeon Overview and Level Annotations

Branches:
Dungeon (2/15)

Altars:

Shops:
D:1 [

Annotations:
D:2 Sigmund


Message History

You open the door.
Found an escape hatch in the floor.
There is an open door here.
Found a club.
Sigmund the Dreaded comes into view.
He is wielding a +0 scythe.
Found 16 bolts.
Sigmund shouts!
Sigmund casts a spell at you.
You are confused.
Sigmund casts a spell at you. You resist with some effort.
You're too confused to cast spells.
You're too confused to attack without stumbling around!
You feel less confused. Sigmund gestures at you while chanting.
The magic dart hits you.
Casting: Foxfire (safe; 4% risk of failure)
Confirm with . or Enter, or press ? or * to list all spells.
You miscast Blink.
You are very lightly contaminated with residual magic.
Nothing appears to happen.
Sigmund mumbles some strange words.
Sigmund flickers and vanishes!
Deactivating autopickup; reactivate with Ctrl-A.
You are confused.
There is an open door here.
You're too confused to move!
Something hits you but does no damage.
You are too confused!
You're too confused to cast spells.
You're too confused to attack without stumbling around!
Unknown command.
Something hits you!
Ouch! That really hurt!
* * * LOW HITPOINT WARNING * * *
Your magical contamination has completely faded away.
You feel less confused. Something hits you!
Ouch! That really hurt!
You die...

#########.#... +.............
... ######.######. ...
#.#....h.
..#############....###.
#...>..#......<#.÷....
#......#.#####.#÷.#...
#......#..........##.#
####+###....@.##########.##..
#..........{..'.........÷####
#.............#####.....÷....
#........###### #..........
#........# #..........
#........# #..........
#............ ######'####
#.......)..... #.....
#.............. ######


There were no monsters in sight!

Vanquished Creatures
  2 dart slugs (D:1)
  3 bats
  2 endoplasms (D:1)
  3 giant cockroaches (D:1)
  4 goblins
  2 hobgoblins (D:1)
  4 jackals (D:2)
  3 kobolds
  2 quokkas (D:1)
  3 ball pythons
  3 frilled lizards (D:1)
  5 rats
36 creatures vanquished.

Vanquished Creatures (collateral kills)
  A foxfire (D:2)
1 creature vanquished.

Vanquished Creatures (others)
  73 foxfires
  2 fungi (D:1)
75 creatures vanquished.

Grand Total: 112 creatures vanquished

Notes
Turn   | Place    | Note
-------+----------+-------------------------------------------
     0 | D:1      | CuBeRJAN3 the Deep Elf Fire Elementalist began the quest
                  | for the Orb.
     0 | D:1      | Reached XP level 1. HP: 10/10 MP: 6/6
   594 | D:1      | Reached XP level 2. HP: 15/15 MP: 5/8
   649 | D:1      | Found Coug's Antique Armour Boutique.
  1237 | D:1      | Reached XP level 3. HP: 13/20 MP: 10/10
  1827 | D:2      | Learned a level 3 spell: Conjure Flame
  1831 | D:2      | Learned a level 3 spell: Inner Flame
  1974 | D:2      | Learned a level 2 spell: Blink
  2051 | D:2      | Reached skill level 4 in Spellcasting
  2280 | D:2      | Noticed Sigmund
  2302 | D:2      | Mangled by Sigmund

Illustrated notes

Levels and vault maps discovered:
D:1:      dpeg_cavernosity, layout_basic, serial_shops, shop, st_stairs_4
D:2:      layout_basic, uniq_sigmund

Skill      XL: |  1  2  3 |
---------------+----------+-----
Spellcasting   | 4 |  4.0
Fighting       | |  0.7
Dodging        | |  2.4
Stealth        | |  2.9
Conjurations   | |  1.6
Fire Magic     | |  3.5

Action                   || total
-------------------------++-------
Melee: Short sword       ||    36
 Cast: Foxfire           ||    49
 Stab: Sleeping          ||     3
Armor: Robe              ||     5
Dodge: Dodged            ||    35
